 Dungeon Crawl Stone Soup version 0.21-a0-401-g0b6bec4 (webtiles) character file.

200 tof the Slasher (level 5, -5/47 HPs)
             Began as a Minotaur Monk on Oct 25, 2017.
             Slain by a gnoll
             ... wielding a +0 club
              (9 damage)
             ... on level 4 of the Dungeon.
             The game lasted 00:03:14 (2732 turns).

tof the Slasher (Minotaur Monk)                     Turns: 2732, Time: 00:03:15

Health: -5/47      AC:  5    Str: 17    XL:     5   Next: 48%
Magic:  4/4        EV: 12    Int:  7    God:
Gold:   153        SH:  0    Dex: 12    Spells: 4/4 levels left

rFire    . . .     SeeInvis .   a - +0 falchion
rCold    . . .     Gourm    .   (no shield)
rNeg     . . .     Faith    .   v - +0 leather armour (curse)
rPois    .         Spirit   .   (helmet restricted)
rElec    .         Reflect  .   s - +0 cloak {MR+}
rCorr    .         Harm     .   b - +0 pair of gloves
MR       +....                  (no boots)
Stlth    +.........             (no amulet)
HPRegen  0.15/turn              (no ring)
MPRegen  0.09/turn              (no ring)

@: drained
A: retaliatory headbutt, horns 2
a: no special abilities


You were on level 4 of the Dungeon.
You were not hungry.

You visited 1 branch of the dungeon, and saw 4 of its levels.

You collected 153 gold pieces.

Inventory:

Hand Weapons
 a - a +0 falchion (weapon)
Missiles
 o - 11 poisoned needles
 p - 7 needles of confusion
Armour
 b - a +0 pair of gloves (worn)
 s - a +0 cloak of magic resistance (worn)
 v - a cursed +0 leather armour (worn)
Wands
 t - a wand of paralysis (18/24)
Scrolls
 d - 2 scrolls of identify {unknown}
 e - 3 scrolls of enchant weapon {unknown}
 g - a scroll of amnesia {unknown}
 i - a scroll of noise {unknown}
 l - a scroll of teleportation {unknown}
 m - 2 scrolls of blinking {unknown}
 n - 2 scrolls of remove curse {unknown}
Potions
 j - 2 potions of mutation {unknown}
 q - 2 potions of flight {unknown}
 r - a potion of magic {unknown}
 u - 3 potions of haste {unknown}
Comestibles
 c - 2 bread rations
 f - a meat ration
 h - 3 royal jellies
 k - a chunk of flesh


   Skills:
 + Level 4.5(3.5) Fighting
 * Level 5.1(4.1) Long Blades
 * Level 3.6(2.6) Armour
 + Level 4.0(3.0) Dodging
 - Level 1.5(0.6) Stealth


You had 4 spell levels left.
You didn't know any spells.

Dungeon Overview and Level Annotations

Branches:
Dungeon (4/15)
 Temple: D:4-7

Altars:


Innate Abilities, Weirdness & Mutations

You reflexively headbutt those who attack you in melee.
You have a pair of horns on your head.


Message History

The worker ant is almost dead.
You feel sick. The worker ant bites you.
You barely miss the worker ant. You headbutt the worker ant.
You kill the worker ant!
You feel sick.
You feel sick.
You see here a giant cockroach corpse.
You butcher the giant cockroach corpse.
You feel sick.
k - a chunk of flesh You feel sick.
You start resting.
You feel sick. x17
You are no longer poisoned.
You start resting.
A gnoll comes into view. It is wielding a club.
The gnoll shouts!
You hear a bark!
You barely miss the gnoll. Your headbutt misses the gnoll.
The gnoll hits you with a club.
* * * LOW HITPOINT WARNING * * *
You completely miss the gnoll. The gnoll hits you with a club!
You die...

#.# #<#
#.#
#######.#
#.......#
#.#######
#.# #.#
#@# #g#
#.# ..#
###


You could see a gnoll.

Vanquished Creatures
  Crazy Yiuf (D:3)
  An orc priest (D:3)
  A worker ant (D:4)
  2 adders
  An ooze (D:2)
  3 worms
  A dart slug (D:1)
  A leopard gecko (D:3)
  4 orcs (D:3)
  6 bats
  6 giant cockroaches
  11 goblins
  10 hobgoblins
  7 jackals
  2 quokkas
  2 ball pythons
  7 frilled lizards
  5 kobolds
  10 rats
81 creatures vanquished.

Notes
Turn   | Place    | Note
-------+----------+-------------------------------------------
     0 | D:1      | tof the Minotaur Monk began the quest for the Orb.
     0 | D:1      | Reached XP level 1. HP: 19/19 MP: 0/0
   118 | D:1      | Reached skill level 1 in Armour
   118 | D:1      | Reached XP level 2. HP: 24/27 MP: 1/1
   308 | D:1      | Reached skill level 4 in Long Blades
   806 | D:1      | Reached XP level 3. HP: 32/33 MP: 2/2
  1493 | D:2      | Reached XP level 4. HP: 39/40 MP: 3/3
  2112 | D:3      | Reached XP level 5. HP: 35/47 MP: 4/4
  2295 | D:3      | Found a runed door.
  2395 | D:3      | Noticed Crazy Yiuf
  2404 | D:3      | Killed Crazy Yiuf
  2404 | D:3      | Reached skill level 5 in Long Blades
  2732 | D:4      | Slain by a gnoll

Vault maps used:
D:1:      mrwooster_arrival_statue_2, minmay_misc_feat_nine_boxes,
          minmay_misc_feat_tiny, nrook_mini_backslash, minivault_5
D:3:      uniq_crazy_yiuf_cottage

Skill      XL: |  1  2  3  4  5 |
---------------+----------------+-----
Armour         | 1 2 3 |  3.6
Long Blades    | 4 5 |  5.1
Fighting       | 4 |  4.5
Dodging        | 4 |  4.0
Stealth        | |  1.5

Action                   |  1- 3 |  4- 6 || total
-------------------------+-------+-------++-------
Melee: Falchion          |    90 |    90 ||   180
       Headbutt          |    12 |    12 ||    24
 Stab: Sleeping          |     4 |       ||     4
  Eat: Chunk             |     2 |     4 ||     6
Armor: Robe              |     4 |       ||     4
       Ring mail         |    17 |    31 ||    48
Dodge: Dodged            |    59 |    63 ||   122
       Rpst.: Falchion   |    18 |     9 ||    27

Table legend:
 A = Spawn XP
 B = Non-spawn XP
 C = Spawn XP percentage of total XP
 D = Spawn monster count
 E = Non-spawn monster count
 F = Spawn count percentage of total count
 G = Total turns spent on level
                    A         B        C        D         E        F      G
               +---------+---------+-------+---------+---------+-------+---------
         Total |       0 |     286 |   0.0 |       0 |      81 |   0.0 |  2732
               +---------+---------+-------+---------+---------+-------+---------
           D:1 |       0 |      42 |   0.0 |       0 |      25 |   0.0 |  1135
           D:2 |       0 |      63 |   0.0 |       0 |      26 |   0.0 |   656
           D:3 |       0 |     147 |   0.0 |       0 |      28 |   0.0 |   880
           D:4 |       0 |      34 |   0.0 |       0 |       2 |   0.0 |    61
               +---------+---------+-------+---------+---------+-------+---------
